Map: Scythe of Amon

Players

monk

  • Race: Protoss Protoss
  • Spawn Location: 5:00

sTkmonk

  • Race: Terran Terran
  • Spawn Location: 5:00

VOD

Have the link to the VOD?

Description

Time

  • Played on: Sept. 23, 2017, 2:38 a.m.
  • Length: 24:06
Show
View Real Time Build Order
Export as new Build Order

monk Protoss 

Build Orders:  

Get SALT Encoding   

  12  0:04  Probe (Chrono Boost)  
  13  0:16  Probe (Chrono Boost)  
  14  0:28  Probe (Chrono Boost)  
  15  0:39  Probe (Chrono Boost)  
  16  0:45  Gateway  
  17  0:50  Probe (Chrono Boost)  
  17  0:57  Assimilator  
  17  1:02  Probe (Chrono Boost)  
  17  1:08  Assimilator  
  18  1:14  Probe (Chrono Boost)  
  19  1:25  Probe (Chrono Boost)  
  20  1:36  Probe (Chrono Boost)  
  21  1:47  Probe (Chrono Boost)  
  22  1:52  Cybernetics Core  
  22  1:58  Probe (Chrono Boost)  
  23  2:09  Probe (Chrono Boost)  
  25  2:20  Probe (Chrono Boost)  
  25  2:32  Probe (Chrono Boost)  
  26  2:43  Probe (Chrono Boost)  
  26  2:44  Stargate  
  26  2:46  Zealot, Pylon  
  29  2:55  Probe  
  29  2:58  Zealot  
  32  3:09  Zealot  
  34  3:45  Fleet Beacon  
  34  3:59  Zealot x2  
  38  4:00  Zealot  
  38  4:46  Tempest  
  40  5:18  Tempest  
  44  5:25  Nexus  
  44  5:27  Probe (Chrono Boost)  
  45  5:42  Probe (Chrono Boost)  
  46  5:53  Probe (Chrono Boost)  
  47  6:03  Tempest  
  47  6:04  Probe (Chrono Boost)  
  52  6:16  Probe (Chrono Boost)  
  52  6:18  Assimilator  
  53  6:27  Probe (Chrono Boost)  
  54  6:30  Assimilator  
  54  6:38  Probe (Chrono Boost)  
  55  6:49  Probe (Chrono Boost)  
  56  7:01  Probe (Chrono Boost)  
  56  7:05  Tempest  
  61  7:12  Probe (Chrono Boost)  
  62  7:22  Probe (Chrono Boost)  
  63  7:31  Probe (Chrono Boost)  
  63  7:34  Probe (Chrono Boost)  
  65  7:43  Probe (Chrono Boost)  
  66  7:55  Probe x2 (Chrono Boost)  
  68  8:06  Probe (Chrono Boost)  
  68  8:09  Tempest  
  73  8:13  Tempest  
  73  8:17  Probe (Chrono Boost)  
  79  8:20  Probe (Chrono Boost)  
  79  8:23  Disintegration (Chrono Boost)  
  79  8:36  Probe (Chrono Boost)  
  76  8:44  Protoss Air Weapons Level 1 (Chrono Boost)  
  76  8:45  Probe (Chrono Boost)  
  77  8:51  Probe x2 (Chrono Boost)  
  77  8:57  Tempest  
  83  9:11  Stargate  
  83  9:34  Tempest  
  87  9:48  Zealot  
  85  10:02  Phoenix  
  87  10:27  Tempest  
  89  10:36  Twilight Council  
  89  10:40  Gateway  
  89  10:41  Gateway  
  89  10:43  Gateway  
  89  10:47  Gateway  
  89  10:52  Tempest  
  93  11:32  Zealot, Tempest  
  93  11:38  Zealot  
  93  11:39  Zealot, Protoss Air Weapons Level 2 (Chrono Boost)  
  99  11:50  Zealot  
  99  11:51  Zealot x2  
  103  12:04  Whirlwind (Chrono Boost)  
  103  12:22  Pylon  
  103  12:43  Tempest  
  107  12:57  Tempest  
  107  12:59  Protoss Air Weapons Level 3  
  111  13:16  Tempest  
  115  13:33  Robotics Facility  
  115  13:39  Zealot x5  
  125  13:57  Zealot x4  
  123  14:20  Charge (Chrono Boost)  
  123  14:43  Observer  
  124  14:57  Gateway  
  124  14:58  Tempest  
  128  15:20  Tempest  
  132  15:36  Zealot  
  134  15:46  Zealot  
  130  16:01  Tempest  
  132  16:14  Tempest  
  136  16:37  Tempest  
  140  16:40  Zealot  
  140  16:44  Zealot x3  
  140  16:45  Zealot x9  
  164  16:53  Zealot x4  
  146  17:08  Tempest  
  144  17:11  Zealot  
  144  17:15  Zealot x3  
  144  17:16  Zealot  
  129  17:30  Zealot x2  
  129  17:33  Tempest  
  127  17:47  Zealot x4  
  134  17:55  Nexus  
  134  18:08  Observer  
  127  18:36  Gateway  
  124  18:50  Tempest  
  124  18:52  Observer  
  122  19:32  Assimilator  
  122  19:36  Zealot x8  
  122  19:37  Zealot x2  
  142  19:48  Tempest  
  126  19:59  Probe  
  119  20:10  Probe  
  120  20:21  Probe  
  120  20:28  Zealot  
  121  20:46  Probe  
  121  20:54  Probe  
  121  20:57  Probe  
  123  21:02  Tempest x2  
  128  21:11  Probe  
  128  21:18  Tempest  
  129  21:28  Probe  
  129  21:29  Tempest, Probe  
  135  21:40  Probe  
  135  21:45  Probe  
  137  21:52  Probe  
  137  21:58  Tempest  
  142  22:02  Probe  
  142  22:03  Probe  
  144  22:35  Tempest  
  144  23:00  Zealot x2  
  144  23:01  Zealot x6  
  157  23:30  Zealot x6  
  157  23:31  Zealot x3  
Show
View Real Time Build Order
Export as new Build Order

sTkmonk Terran 

Build Orders:  

Get SALT Encoding   

Tags
 
Add a new tag
Caveats
  • Supply blocks, unpowered buildings, or Contaminate may cause inaccurate times.
  • Supply counts are checked every 10 seconds.